 Dungeon Crawl Stone Soup version 0.27.1-1-g398f81649c (webtiles) character file.

Game seed: 13534167674988088284

186 speeev33 the Skirmisher (level 5, -1/47 HPs)
             Began as a Hill Orc Fighter on Sept 12, 2021.
             Killed from afar by an orc wizard (5 damage)
             ... with a magic dart
             ... on level 2 of the Dungeon.
             The game lasted 00:02:59 (2017 turns).

speeev33 the Skirmisher (Hill Orc Fighter)          Turns: 2017, Time: 00:03:00

Health: -1/47      AC: 10    Str: 20    XL:     5   Next: 66%
Magic:  5/5        EV:  5    Int:  8    God:
Gold:   59         SH:  9    Dex: 10    Spells: 4/4 levels left

rFire    . . .     SeeInvis .   a - +0 war axe
rCold    . . .     Faith    .   c - +0 kite shield
rNeg     . . .     Spirit   .   i - +0 chain mail
rPois    .         Reflect  .   (no helmet)
rElec    .         Harm     .   j - +0 cloak
rCorr    .         Rampage  .   (no gloves)
Will     .....                  (no boots)
Stlth    ..........             (no amulet)
HPRegen  0.15/turn              (no ring)
MPRegen  0.09/turn              (no ring)

@: mighty
A: no striking features
a: no special abilities


You were on level 2 of the Dungeon.
You visited 1 branch of the dungeon, and saw 3 of its levels.

You collected 59 gold pieces.

Inventory:

Hand Weapons
 a - a +0 war axe (weapon)
 h - a +0 flail of protection
Armour
 c - a +0 kite shield (worn)
 i - a +0 chain mail (worn)
 j - a +0 cloak (worn)
Potions
 b - a potion of heal wounds {unknown}
 d - a potion of might
 e - 2 potions of resistance {unknown}
 f - 6 potions of curing {unknown}
 g - 2 potions of flight {unknown}


   Skills:
 + Level 4.8 Fighting
 + Level 4.4 Axes
 + Level 4.3 Armour
 + Level 4.4 Shields


You had 4 spell levels left.
You didn't know any spells.
Your spell library contained the following spells:

 Spells                   Type           Power      Damage    Failure   Level
 Foxfire                  Conj/Fire      0%         2x1d4     100%        1
 Call Canine Familiar     Summ           0%         N/A       100%        3
 Conjure Flame            Conj/Fire      0%         6-21      100%        3
 Inner Flame              Hex/Fire       0%         N/A       100%        3
 Portal Projectile        Hex/Tloc       0%         N/A       100%        3
 Leda's Liquefaction      Hex/Erth       0%         N/A       100%        4


Dungeon Overview and Level Annotations

Branches:
Dungeon (3/15)

Altars:

Annotations:
D:3 Jessica


Message History

Unknown command.
You hear some strange, mumbled words.
A puff of flame appears from out of thin air!
The puff of flame misses you. Jessica gestures at you while chanting.
Pain shoots through your body!
* * * LOW HITPOINT WARNING * * *
You see here a +0 short sword.
You hear some strange, mumbled words.
You are confused.
You're too confused to move!
You bump into the rock wall.
A magic dart appears from out of thin air!
The magic dart hits you.
* * * LOW HITPOINT WARNING * * *
You bump into the rock wall.
You bump into the rock wall.
Something hits you but does no damage.
You bump into the rock wall.
Jessica points at you and mumbles some strange words.
Something hits you but does no damage.
You bump into the rock wall.
Jessica shouts, "You are a ghastly nuisance!"
Something hits you but does no damage.
You closely miss something.
You feel less confused. Something hits you but does no damage.
There is a stone staircase leading up here.
You hear some strange, mumbled words.
Something tries to affect you, but you resist.
Jessica points at you and mumbles some strange words.
Something writhes in agony.
You climb upwards.
Reactivating autopickup.
There is a stone staircase leading down here.
You feel very mighty all of a sudden.
You hear some strange, mumbled words.
A magic dart appears from out of thin air!
Deactivating autopickup; reactivate with Ctrl-A.
The magic dart hits you.
You die...

#....# #....#####...# #..
####.########............#
#..
#.#.........#.#.......###..
#.#.#######.#.#.####...###†
#.#.#######.#.#.# ##...##.
#..#.....##.#.#.####.....#.
#.#.####...................
#........{..)...####.....##
#######...@.........#...##
#.............##.####
#.....<..####........
#..##............####
#..##.#..####.####
#..##.#..# #.# #........#
#.# #### #..##.#..# #.#
#... #........####.# #.##


There were no monsters in sight!

Vanquished Creatures
  An orc priest (D:3)
  Crazy Yiuf (D:2)
  Terence (D:2)
  4 gnolls
  An orc (D:3)
  4 ball pythons
  5 bats
  4 endoplasms (D:1)
  4 giant cockroaches
  6 goblins (D:1)
  8 hobgoblins
  8 jackals
  3 quokkas (D:1)
  2 frilled lizards (D:2)
  2 kobolds
  3 rats
57 creatures vanquished.

Notes
Turn   | Place    | Note
-------+----------+-------------------------------------------
     0 | D:1      | speeev33 the Hill Orc Fighter began the quest for the Orb.
     0 | D:1      | Reached XP level 1. HP: 19/19 MP: 1/1
    47 | D:1      | Reached XP level 2. HP: 23/27 MP: 2/2
   354 | D:1      | Reached XP level 3. HP: 24/33 MP: 3/3
  1028 | D:2      | Noticed Terence
  1035 | D:2      | Reached XP level 4. HP: 37/40 MP: 4/4
  1050 | D:2      | Killed Terence
  1329 | D:2      | Reached XP level 5. HP: 47/47 MP: 5/5
  1557 | D:2      | Found a runed translucent door.
  1558 | D:2      | Noticed Crazy Yiuf
  1853 | D:2      | Killed Crazy Yiuf
  1991 | D:3      | Noticed Jessica
  2007 | D:3      | HP: 2/47 [something/magic dart (2)]
  2017 | D:2      | Killed from afar by an orc wizard

Illustrated notes

Levels and vault maps discovered:
D:1:      erik_arrival_cave_to_civilisation [erik_arrival_cave_to_hall],
          layout_basic, minivault_14, minmay_liquid_box
D:2:      layout_loops_ring, uniq_terence, uniq_crazy_yiuf_cottage
D:3:      layout_loops_cross, uniq_jessica

Skill      XL: |  1  2  3  4 |
---------------+-------------+-----
Axes           | 3 4 |  4.4
Fighting       | 4 |  4.8
Shields        | 4 |  4.4
Armour         | 4 |  4.3

Action                   |  1- 3 |  4- 6 || total
-------------------------+-------+-------++-------
Melee: War axe           |    88 |    85 ||   173
  Use: Scroll            |     4 |     1 ||     5
       Potion            |       |     1 ||     1
Armor: Scale mail        |    48 |     3 ||    51
       Chain mail        |       |    53 ||    53
Dodge: Dodged            |    39 |    28 ||    67
Block: Kite shield       |    62 |    62 ||   124
